 Dungeon Crawl Stone Soup version 0.20-a0-876-g2c7b0bf (webtiles) character file.

55 polly the Skirmisher (level 3, 0/29 HPs)
             Began as a Demonspawn Fighter on Mar 16, 2017.
             Slain by a goblin (1 damage)
             ... led by Robin
             ... on level 2 of the Dungeon.
             The game lasted 00:01:20 (1120 turns).

polly the Skirmisher (Demonspawn Fighter)           Turns: 1120, Time: 00:01:20

Health: 0/29       AC:  6    Str: 22    XL:     3   Next: 67%
Magic:  3/3        EV:  7    Int:  9    God:
Gold:   32         SH: 13    Dex: 12    Spells: 2/2 levels left

rFire    . . .     SeeInvis .     - Unarmed
rCold    . . .     Gourm    .   a - +0 scale mail
rNeg     . . .     Faith    .   b - +0 shield
rPois    .         Spirit   .   (no helmet)
rElec    .         Reflect  .   (no cloak)
rCorr    .         Harm     .   (no gloves)
MR       .....                  (no boots)
Stlth    ..........             (no amulet)
Regen    0.1/turn               (no ring)
MPRegen  0.1/turn               (no ring)

@: mighty, very slightly contaminated, hasted, very quick
A: large bone plates 1
a: no special abilities


You were on level 2 of the Dungeon.
You were very hungry.

You visited 1 branch of the dungeon, and saw 2 of its levels.

You collected 32 gold pieces.

Inventory:

Armour
 a - a +0 scale mail (worn)
 b - a +0 shield (worn)
Scrolls
 e - 2 scrolls of random uselessness {unknown}
 f - a scroll of noise {unknown}
 h - 3 scrolls of identify {unknown}
Potions
 k - a potion of haste
Comestibles
 d - 2 bread rations
 g - a royal jelly
 i - a meat ration


   Skills:
 + Level 3.3 Fighting
 + Level 3.2 Armour
 + Level 0.3 Dodging
 + Level 3.2 Shields
 + Level 2.2 Unarmed Combat


You had 2 spell levels left.
You didn't know any spells.

Dungeon Overview and Level Annotations

Branches:
Dungeon (2/15)

Altars:
Fedhas

Annotations:
D:2 Robin


Innate Abilities, Weirdness & Mutations

You are partially covered in large bone plates. (SH +4)


Message History

The goblin hits you with a club.
* * * LOW HITPOINT WARNING * * *
The goblin hits you but does no damage. The goblin barely misses you.
Unknown command.
Unknown command.
It was a potion of haste.
You feel yourself speed up.
You are feeling very hungry.
The goblin hits you but does no damage. The hobgoblin barely misses you.
The goblin barely misses you. You block the goblin's attack. x2
The goblin hits you but does no damage. x2
You are very lightly contaminated with residual magic.
It was a potion of curing.
You feel better. You block the goblin's attack.
The goblin hits you with a dagger of holy wrath.
* * * LOW HITPOINT WARNING * * *
You convulse.
* * * LOW HITPOINT WARNING * * *
You block the hobgoblin's attack. The goblin hits you with a dagger.
* * * LOW HITPOINT WARNING * * *
The goblin hits you but does no damage. The goblin hits you.
You die...

##### ########...
..........##############
.......g................
......ggg..#####.....###
.....gg@g..####.........
......ggg...............
%.....g.....###......##.
......##+#..#........+.<
##.#+# ######'.....#.. #
#...#######..
.#.####.#.# ......
..........# ####..
#.####.### #..


You could see Robin, a hobgoblin and 9 goblins.

Vanquished Creatures
  2 adders (D:2)
  An ooze (D:1)
  A worm (D:2)
  A dart slug (D:1)
  A ball python (D:1)
  A giant cockroach (D:1)
  2 goblins
  3 hobgoblins
  2 kobolds (D:1)
  7 bats (D:1)
  6 frilled lizards (D:1)
  5 rats (D:1)
32 creatures vanquished.

Notes
Turn   | Place    | Note
-------+----------+-------------------------------------------
     0 | D:1      | polly the Demonspawn Fighter began the quest for the Orb.
     0 | D:1      | Reached XP level 1. HP: 18/18 MP: 1/1
   146 | D:1      | Gained mutation: You are partially covered in large bone plates. (SH +4) [demonic ancestry]
   146 | D:1      | Reached XP level 2. HP: 17/24 MP: 2/2
   625 | D:1      | Reached XP level 3. HP: 15/29 MP: 3/3
  1036 | D:2      | Found a blossoming altar of Fedhas.
  1109 | D:2      | Noticed Robin
  1120 | D:2      | HP: 1/29 [goblin/dagger[Robin] (2)]
  1120 | D:2      | Slain by a goblin

Vault maps used:
D:1:      mainiacjoe_arrival_reflecting_pool, minmay_domino_4
D:2:      grunt_temple_overflow_forces_of_nature,
          chequers_ecumenical_altar_grove, roderic_st_hans_cross, uniq_robin

Skill      XL: |  1  2  3 |
---------------+----------+-----
Armour         | 3 |  3.2
Shields        | 3 |  3.2
Unarmed Combat | 2 |  2.2
Fighting       | |  3.3
Dodging        | |  0.3

Action                   || total
-------------------------++-------
Melee: Unarmed           ||   185
  Use: Potion            ||     4
Armor: Scale mail        ||   125
Dodge: Dodged            ||    60
Block: Shield            ||   180
